 Dungeon Crawl Stone Soup version 0.28-a0-1143-gcf6077d4cc (webtiles) character file.

Game seed: 9361314033648261253

882 ReploidZero the Magician (level 8, -5/50 HPs)
             Began as a Djinni Conjurer on Dec 13, 2021.
             Was a Follower of Nemelex Xobeh.
             Slain by Duvessa (11 damage)
             ... on level 5 of the Dungeon.
             The game lasted 00:23:08 (7163 turns).

ReploidZero the Magician (Djinni Conjurer)          Turns: 7163, Time: 00:23:09

Health: -5/50      AC:  5    Str:  6    XL:     8   Next: 25%
Gold:   399        EV: 12    Int: 23    God:    Nemelex Xobeh [*.....] SH:  0 Dex: 11

rFire   + + .      SeeInvis .   d - +2 whip (venom)
rCold   x . .      Faith    .   (no shield)
rNeg    . . .      Spirit   .   a - +0 robe
rPois   ∞          Reflect  .   b - +0 helmet
rElec   .          Harm     .   l - +0 cloak
rCorr   .          Rampage  .   n - +0 pair of gloves
Will    .....                   (boots unavailable)
Stlth   ++........              (no amulet)
HPRegen 0.16/turn               (no ring)
MPRegen 0.00/turn               (no ring)

@: marked, flying
A: sickness immunity, fire resistance 2, cold vulnerability 1, float, innate
caster, hp casting, extra vitality 1
a: Renounce Religion, Draw Escape, Draw Destruction, Draw Summoning


You were on level 5 of the Dungeon.
You worshipped Nemelex Xobeh.
Nemelex Xobeh was aware of your devotion.
You visited 2 branches of the dungeon, and saw 6 of its levels.
You also visited: Ossuary.

You collected 459 gold pieces.
You spent 60 gold pieces at shops.

Inventory:

Hand Weapons
 d - a +2 whip of venom (weapon)
Armour
 a - a +0 robe (worn)
 b - a +0 helmet (worn)
 l - a +0 cloak (worn)
 n - a +0 pair of gloves (worn)
Jewellery
 e - a ring of ice
Scrolls
 c - a scroll of enchant weapon
 h - a scroll of identify
Potions
 f - 7 potions of curing
 g - a potion of attraction
 i - 2 potions of might
 k - a potion of brilliance
 m - 3 potions of resistance
 o - 2 potions of mutation
 q - 3 potions of lignification
 r - a potion of cancellation


   Skills:
 - Level 2.1 Dodging
 - Level 1.5 Stealth
 + Level 7.6 Spellcasting


You had 2 spell levels left.
You knew the following spells:

 Your Spells              Type           Power      Damage    Failure   Level
a - Magic Dart            Conj           100%       1d8       1%          1
b - Searing Ray           Conj           86%        2d7       1%          2
c - Dazzling Flash        Conj/Hex       86%        N/A       1%          3
d - Fulminant Prism       Conj/Hex       21%        3d13      3%          4
e - Iskenderun's Mystic   Conj/Tloc      43%        2d10      3%          4
f - Pain                  Necr           100%       1d9       1%          1
g - Call Imp              Summ           43%        N/A       1%          2
h - Frozen Ramparts       Ice            86%        1d10      1%          3
Your spell library was empty.

Dungeon Overview and Level Annotations

Branches:
Dungeon (5/15)             Temple (1/1) D:4         Ossuary (visited)

Altars:
Cheibriados
Dithmenos
Elyvilon
Gozag
Hepliaklqana
Kikubaaqudgha
Makhleb
Nemelex Xobeh
Okawaru
Qazlal
Ru
Trog
Vehumet
Wu Jian
Xom
The Shining One

Shops:
D:3 [(:*(

Annotations:
D:2 Robin
D:5 3 runed translucent doors, Duvessa; Prince Ribbit; rougesareth's ghost, novice DDFi


Innate Abilities, Weirdness & Mutations

You are immune to sickness and miasma.
You are immune to poison.
Your flesh is very heat resistant. (rF++)
You are vulnerable to cold. (rC-)
You float through the air rather than walking.
You learn spells naturally, not from books.
Your magical power is your life essence.
You have superior vitality. (+4 HP)


Message History

You don't know that spell.
Unknown command.
Casting: Fulminant Prism (dangerous; 3% risk of failure)
Confirm with . or Enter, or press ? or * to list all spells.
Okay, then.
Unknown command.
Casting: Fulminant Prism (dangerous; 3% risk of failure)
Confirm with . or Enter, or press ? or * to list all spells.
Okay, then.
Casting: Fulminant Prism (dangerous; 3% risk of failure)
Confirm with . or Enter, or press ? or * to list all spells.
Aiming: Fulminant Prism (dangerous; 3% risk of failure)
Press: ? - help, Dir - move target, f - you
Okay, then.
Casting: Fulminant Prism (dangerous; 3% risk of failure)
Confirm with . or Enter, or press ? or * to list all spells.
You don't know that spell.
Casting: Fulminant Prism (dangerous; 3% risk of failure)
Confirm with . or Enter, or press ? or * to list all spells.
Okay, then.
Casting: Fulminant Prism (dangerous; 3% risk of failure)
Confirm with . or Enter, or press ? or * to list all spells.
Aiming: Searing Ray (safe; 1% risk of failure)
Press: ? - help, Shift-Dir - straight line, f - Duvessa
Aim: Duvessa, wielding a +0 short sword and wearing a +0 leather armour (heavily wounded, berserk, 84% to hit)
The searing ray hits Duvessa.
Duvessa is heavily wounded. (Press . to maintain the ray.) Duvessa hits you with a +0 short sword!
The searing ray hits Duvessa.
Duvessa is severely wounded.
Duvessa completely misses you. Duvessa hits you with a +0 short sword!
* * * LOW HITPOINT WARNING * * *
Unknown command.
The searing ray hits Duvessa!
Duvessa is almost dead.
* * * LOW HITPOINT WARNING * * *
Duvessa hits you with a +0 short sword!
You die...
Your body disappears without a glow.

#.......#...#....# #
#####..)....#...###### #
#...#.......#........#
#######
#...'.......###'##...#
#......
#####............#...#
#......
#............##'#####(.....
#............#..#..........
#.........e..#..#..........
#.........@..#..'..........
#..........F.#..#......).<.
#............####..........
#.##########......#'###....
###..###..##......#...#....
####.##.##.#......#...#....
#_.##)##.##.......#####....
###.##.##.####..........##'
#...#...##.#..........#..


You could see Prince Ribbit and Duvessa (berserk).

Vanquished Creatures
  A black bear (D:3)
  A hornet zombie (D:5)
  A phantom (D:5)
  A scorpion (D:5)
  Dowan (D:5)
  A howler monkey (D:4)
  An orc priest (D:5)
  2 hounds (D:5)
  A scorpion zombie (D:5)
  2 iguanas
  A hound skeleton (D:5)
  8 mummies (Ossuary)
  2 howler monkey skeletons (D:5)
  4 adders
  8 gnolls
  2 adder skeletons
  A dart slug (D:1)
  5 orcs
  8 ball pythons
  A bat (D:2)
  4 endoplasms
  A giant cockroach (D:1)
  7 goblins
  5 hobgoblins
  5 jackals (D:3)
  6 kobolds
  3 quokkas
  3 frilled lizards
  3 hobgoblin zombies (Ossuary)
  A kobold zombie (Ossuary)
  4 orc zombies (Ossuary)
  2 rats
96 creatures vanquished.

Vanquished Creatures (others)
  16 fulminant prisms
16 creatures vanquished.

Grand Total: 112 creatures vanquished

Notes
Turn   | Place    | Note
-------+----------+-------------------------------------------
     0 | D:1      | ReploidZero the Djinni Conjurer began the quest for the
                  | Orb.
     0 | D:1      | Reached XP level 1. HP: 15/15 MP: 0/0
    32 | D:1      | Found a faded altar of an unknown god.
   279 | D:1      | Reached XP level 2. HP: 12/21 MP: 0/0
  1098 | D:2      | Found a shimmering altar of Xom.
  1194 | D:2      | Reached XP level 3. HP: 22/25 MP: 0/0
  1194 | D:2      | Learned a level 1 spell: Pain
  1435 | D:2      | Reached skill level 4 in Spellcasting
  1532 | D:2      | Noticed Robin
  1663 | D:3      | Found Ufinupin's Weapon Shop.
  1815 | D:3      | Found Cenn's Assorted Antiques.
  1824 | D:3      | Bought a scroll labelled BEHIKL TIBAG for 30 gold pieces
  1824 | D:3      | Bought a scroll labelled VIURUMOAHA for 30 gold pieces
  2062 | D:3      | Reached XP level 4. HP: 22/31 MP: 0/0
  2163 | D:3      | Found Leduamad's Weapon Shoppe.
  2330 | D:3      | Noticed a black bear
  2337 | D:3      | Killed a black bear
  2338 | D:3      | Reached skill level 5 in Spellcasting
  2338 | D:3      | Reached XP level 5. HP: 2/35 MP: 0/0
  2338 | D:3      | Learned a level 2 spell: Call Imp
  2799 | D:3      | Reached XP level 6. HP: 14/40 MP: 0/0
  2998 | D:3      | Found Cienof's Book Boutique.
  3076 | D:3      | Found Jaoheem's Armour Emporium.
  3888 | D:4      | Found a staircase to the Ecumenical Temple.
  4606 | Temple   | Entered the Ecumenical Temple
  4655 | Temple   | Became a worshipper of Nemelex Xobeh the Trickster
  4708 | D:5      | Entered Level 5 of the Dungeon
  4720 | D:5      | Reached skill level 6 in Spellcasting
  4809 | D:5      | Reached XP level 7. HP: 37/45 MP: 0/0
  4809 | D:5      | Learned a level 3 spell: Frozen Ramparts
  4867 | D:5      | Found a sand-covered staircase.
  4909 | Ossuary  | Entered an ossuary
  5748 | D:5      | Reached skill level 7 in Spellcasting
  5753 | D:5      | Reached XP level 8. HP: 16/50 MP: 0/0
  6479 | D:5      | Noticed Dowan
  6482 | D:5      | Killed Dowan
  6536 | D:5      | Noticed Duvessa
  6558 | D:5      | HP: 1/50 [spore (18)]
  6904 | D:5      | Found a runed translucent gate.
  6904 | D:5      | Found a runed translucent gate.
  6904 | D:5      | Found a runed translucent gate.
  6907 | D:5      | Noticed rougesareth's ghost (novice DDFi)
  6929 | D:5      | Reached * piety under Nemelex Xobeh
  7147 | D:5      | Noticed Prince Ribbit
  7163 | D:5      | Slain by Duvessa

Illustrated notes

Levels and vault maps discovered:
D:1:      grunt_arrival_lava_bath, layout_basic,
          ebering_ecumenical_altar_abandoned, kennysheep_boxes
D:2:      layout_basic, basic_altar, uniq_robin
D:3:      layout_loops_ring, serial_shops, shop, nicolae_shop_hallway_plus,
          nicolae_shop_bloodbath_and_beyond, shop_statue, shop_statue
D:4:      layout_loops_ring, temple_statues
D:5:      layout_gridville, marbit_many_paths, enter_ossuary_1,
          gammafunk_ghost_icy, uniq_duvessa, uniq_prince_ribbit1
Temple:   kilobyte_greek_temple

Skill      XL: |  1  2  3  4  5  6  7 |
---------------+----------------------+-----
Spellcasting   | 4 5 6 7 |  7.6
Dodging        | |  2.1
Stealth        | |  1.5

Action                   |  1- 3 |  4- 6 |  7- 9 || total
-------------------------+-------+-------+-------++-------
Melee: Whip              |       |     7 |    19 ||    26
 Cast: Magic Dart        |    62 |    40 |    42 ||   144
       Searing Ray       |     3 |     9 |     3 ||    15
       Pain              |     3 |     5 |     8 ||    16
       Fulminant Prism   |       |     1 |    15 ||    16
       Iskenderun's Myst |       |       |     4 ||     4
       Dazzling Flash    |       |       |     1 ||     1
  Use: Scroll            |     4 |     1 |    10 ||    15
       Potion            |     2 |       |     2 ||     4
 Stab: Sleeping          |       |     2 |     1 ||     3
Armor: Robe              |     4 |     1 |    11 ||    16
Dodge: Dodged            |    12 |    14 |    38 ||    64

Table legend: (Time is in decaauts)
 A = Elapsed time spent in this place.
 B = Non-inter-level travel time spent in this place.
 C = Inter-level travel time spent in this place.
 D = Time resting spent in this place.
 E = Time spent auto-exploring this place.
 F = Levels seen in this place.
 G = Mean time per level.
                   A        B        C        D        E       F      G
               +--------+--------+--------+--------+--------+-----+--------+
         Total |   7165 |   6937 |    228 |    200 |   5888 |   7 | 1023.6 |
       Dungeon |   6672 |   6473 |    199 |    200 |   5519 |   5 | 1334.4 |
        Temple |     79 |     50 |     29 |      0 |     40 |   1 |   79.0 |
       Ossuary |    413 |    413 |      0 |      0 |    329 |   1 |  413.0 |
               +--------+--------+--------+--------+--------+-----+--------+

Top non-repeatable levels by time:
     D:5: 1874 daAuts
     D:3: 1833 daAuts
     D:4: 1421 daAuts
     D:1: 1093 daAuts
     D:2: 448 daAuts
 Ossuary: 413 daAuts
  Temple: 79 daAuts
